 Dungeon Crawl Stone Soup version 0.29-a0-998-g1987434951 (webtiles) character file.

Game seed: 8276106739783727338

514 Kinoniko the Chopper (level 7, -4/73 (78) HPs)
             Began as a Demonspawn Berserker on Aug 5, 2022.
             Was a Believer of Trog.
             Slain by Duvessa
             ... wielding a +5 rapier of speed
              (17 damage)
             ... on level 4 of the Dungeon.
             The game lasted 00:02:16 (3526 turns).

Kinoniko the Chopper (Demonspawn Berserker)         Turns: 3526, Time: 00:02:17

HP:   -4/73 (78)    AC:  8    Str: 19    XL:     7   Next: 0%
MP:   7/7           EV: 11    Int:  8    God:    Trog [**....]
Gold: 177           SH:  0    Dex: 13    Spells: 6/6 levels left

rFire   . . .      SeeInvis .   a - +0 hand axe
rCold   . . .      Faith    .   (no shield)
rNeg    . . .      Spirit   .   k - +0 ring mail
rPois   .          Reflect  .   (no helmet)
rElec   .          Harm     .   (no cloak)
rCorr   .          Rampage  .   (no gloves)
Will    +....                   (no boots)
Stlth   ..........              (no amulet)
HPRegen 0.22/turn               d - ring of willpower
MPRegen 0.10/turn               (no ring)

@: berserking, drained, very quick
A: claws 1, thin metallic scales 2, demonic magic 1
a: Renounce Religion, Berserk, Trog's Hand


You were on level 4 of the Dungeon.
You worshipped Trog.
Trog was pleased with you.
You visited 1 branch of the dungeon, and saw 4 of its levels.

You collected 177 gold pieces.

Inventory:

Hand Weapons
 a - a +0 hand axe (weapon)
Armour
 b - a +0 animal skin
 i - a +0 leather armour
 k - a +0 ring mail (worn)
Jewellery
 d - a ring of willpower (left claw)
 o - a ring of fire
 q - an amulet of the acrobat
Scrolls
 c - 2 scrolls of fog {unknown}
 e - 4 scrolls of enchant weapon {unknown}
 g - 2 scrolls of amnesia {unknown}
 h - a scroll of fear {unknown}
 m - a scroll of teleportation {unknown}
 n - 2 scrolls of enchant armour {unknown}
 s - a scroll of magic mapping {unknown}
Potions
 f - 2 potions of lignification {unknown}
 j - a potion of flight {unknown}
 l - 2 potions of curing {unknown}
 p - a potion of heal wounds {unknown}
 r - 2 potions of attraction {unknown}


   Skills:
 - Level 3.0 Fighting
 * Level 7.3 Axes
 - Level 1.7 Armour
 - Level 1.7 Dodging


You had 6 spell levels left.
You didn't know any spells.
Your spell library was empty.

Dungeon Overview and Level Annotations

Branches:
Dungeon (4/15)
 Temple: D:4-7

Altars:
Nemelex Xobeh

Annotations:
D:4 Duvessa


Innate Abilities, Weirdness & Mutations

You have sharp fingernails.
You are mostly covered in thin metallic scales. (AC +3)
Spells you cast may paralyse adjacent enemies.


Message History

Duvessa hits you with a +5 rapier of speed.
A red film seems to cover your vision as you go berserk!
You feel yourself moving faster!
You feel mighty!
Duvessa hits you with a +5 rapier of speed.
Dowan hits you but does no damage.
You feel drained.
You hit Duvessa.
Duvessa is lightly wounded.
You slash Dowan! Duvessa misses you. Dowan closely misses you.
You slash Duvessa!
Duvessa is heavily wounded.
You barely miss Dowan.
Duvessa hits you with a +5 rapier of speed.
Unknown command.
You hit Duvessa.
Duvessa is severely wounded.
You barely miss Dowan.
Duvessa hits you with a +5 rapier of speed.
Dowan says, "My weaknesses are her strengths!"
Dowan gestures at you while chanting. The puff of flame hits you.
You hit Duvessa.
Duvessa is severely wounded.
You hit Dowan.
Duvessa hits you with a +5 rapier of speed!
* * * LOW HITPOINT WARNING * * *
Duvessa closely misses you.
Dowan hits you with a +2 dagger of draining.
* * * LOW HITPOINT WARNING * * *
You feel drained.
* * * LOW HITPOINT WARNING * * *
You hit Duvessa.
Duvessa is severely wounded.
You slash Dowan!
You kill Dowan!
Trog accepts your kill.
Trog appreciates your killing of a magic user.
Duvessa screams, "No!
How DARE you!"
Duvessa goes berserk!
Duvessa hits you with a +5 rapier of speed!
You die...

#.....##'##...... ........# #.
#................ ........#####.
#................ ..............
#................ .............#
#................ .............#
#................ .............#
#.....###'#####+####...........#
#.....#.......e....#...........#
#.....#........@...#......######
#.....#........)...#......#...##
#.....#######.##...#......'...##
#.....# ### ...#......#...#.
#.....# ...#......#...## #.....#
...#......#...## #.....#
...#......#..... #.....#
...#......#..... #.....#
#......#.....


You could see Duvessa (berserk).

Vanquished Creatures
  Menkaure (D:4)
  2 phantoms (D:4)
  A scorpion (D:4)
  Dowan (D:4)
  A bullfrog zombie (D:4)
  A centaur zombie (D:4)
  4 adders
  A white imp (D:4)
  An ufetubus (D:4)
  An adder zombie (D:4)
  A worm (D:3)
  4 dart slugs
  An orc (D:3)
  8 endoplasms
  A giant cockroach (D:1)
  5 goblins
  9 hobgoblins
  5 kobolds
  2 quokkas (D:1)
  4 ball pythons
  3 bats (D:1)
  2 frilled lizards
  A quokka zombie (D:4)
  5 rats
65 creatures vanquished.

Vanquished Creatures (others)
  2 withered plants (D:4)
2 creatures vanquished.

Grand Total: 67 creatures vanquished

Notes
Turn   | Place    | Note
-------+----------+-------------------------------------------
     0 | D:1      | Kinoniko the Demonspawn Berserker began the quest for the
                  | Orb.
     0 | D:1      | Reached XP level 1. HP: 18/18 MP: 1/1
   326 | D:1      | Reached skill level 3 in Axes
   604 | D:1      | Gained mutation: You are partially covered in thin metallic
                  | scales. (AC +2) [demonic ancestry]
   604 | D:1      | Reached XP level 2. HP: 24/24 MP: 2/2
  1199 | D:2      | Gained mutation: You have sharp fingernails. [demonic
                  | ancestry]
  1199 | D:2      | Reached XP level 3. HP: 29/29 MP: 3/3
  1520 | D:2      | Reached skill level 4 in Axes
  2162 | D:3      | Reached ** piety under Trog
  2256 | D:3      | Gained mutation: You are mostly covered in thin metallic
                  | scales. (AC +3) [demonic ancestry]
  2256 | D:3      | Reached XP level 4. HP: 35/35 MP: 4/4
  2402 | D:3      | Found a sparkling altar of Nemelex Xobeh.
  2648 | D:4      | Noticed a phantom
  2650 | D:4      | Noticed a phantom
  2659 | D:4      | Killed a phantom
  2660 | D:4      | Reached skill level 5 in Axes
  2660 | D:4      | Reached XP level 5. HP: 41/41 MP: 5/5
  2670 | D:4      | Killed a phantom
  2671 | D:4      | Reached skill level 6 in Axes
  2671 | D:4      | Gained mutation: Spells you cast may paralyse adjacent
                  | enemies. [demonic ancestry]
  2671 | D:4      | Reached XP level 6. HP: 44/47 MP: 6/6
  2705 | D:4      | Noticed Menkaure
  2719 | D:4      | Killed Menkaure
  3071 | D:4      | Reached skill level 7 in Axes
  3442 | D:4      | Reached XP level 7. HP: 47/52 MP: 7/7
  3512 | D:4      | Noticed Duvessa
  3512 | D:4      | Noticed Dowan
  3526 | D:4      | Killed Dowan
  3526 | D:4      | Slain by Duvessa

Illustrated notes

Levels and vault maps discovered:
D:1:      minmay_arrival_doors, layout_loops_ring, minmay_pentomino_r4
D:2:      layout_basic
D:3:      layout_rooms, nemelex_diamond_rough_becter, minmay_three_crescents
D:4:      layout_gridville, serial_undead, serial_undead_f, serial_undead_d,
          serial_undead_d, serial_undead_d, serial_undead_b, serial_undead_b,
          serial_undead_a, uniq_menkaure, uniq_duvessa

Skill      XL: |  1  2  3  4  5  6 |
---------------+-------------------+-----
Axes           | 3 4 5 6 7 |  7.3
Fighting       | |  3.0
Armour         | |  1.7
Dodging        | |  1.7

Action                   |  1- 3 |  4- 6 |  7- 9 || total
-------------------------+-------+-------+-------++-------
Melee: Hand axe          |   119 |   102 |     6 ||   227
       Punch             |     1 |       |       ||     1
Invok: Berserk           |     1 |     3 |     1 ||     5
 Stab: Sleeping          |     1 |       |       ||     1
Armor: Animal skin       |     7 |       |       ||     7
       Leather armour    |     7 |       |       ||     7
       Ring mail         |    23 |    37 |     2 ||    62
Dodge: Dodged            |    65 |    50 |     4 ||   119

Table legend: (Time is in decaauts)
 A = Elapsed time spent in this place.
 B = Non-inter-level travel time spent in this place.
 C = Inter-level travel time spent in this place.
 D = Time resting spent in this place.
 E = Time spent auto-exploring this place.
 F = Levels seen in this place.
 G = Mean time per level.
                   A        B        C        D        E       F      G
               +--------+--------+--------+--------+--------+-----+--------+
         Total |   3575 |   3534 |     41 |    139 |   2936 |   4 |  893.8 |
       Dungeon |   3575 |   3534 |     41 |    139 |   2936 |   4 |  893.8 |
               +--------+--------+--------+--------+--------+-----+--------+

Top non-repeatable levels by time:
     D:1: 1198 daAuts
     D:2: 942 daAuts
     D:4: 901 daAuts
     D:3: 532 daAuts
